 Dungeon Crawl Stone Soup version 0.20.1-1-g8b1a95d (webtiles) character file.

618 JustChris the Chiller (level 7, 0/52 HPs)
             Began as a Yellow Draconian Ice Elementalist on Dec 13, 2017.
             Was an Initiate of Sif Muna.
             Slain by Erica
             ... wielding a +4 scimitar of flaming
              (1 damage)
             ... on level 8 of the Dungeon on Dec 14, 2017.
             The game lasted 00:53:00 (6958 turns).

JustChris the Chiller (DrIE)                        Turns: 6958, Time: 00:53:00

Health: 0/52       AC:  6    Str: 14    XL:     7   Next: 21%
Magic:  10/14      EV: 13    Int: 16    God:    Sif Muna [......]
Gold:   50         SH:  0    Dex: 12    Spells: 9/15 levels left

rFire    . . .     SeeInvis .   b - +0 flail (holy)
rCold    . . .     Gourm    .   (no shield)
rNeg     . . .     Faith    .   (armour unavailable)
rPois    .         Spirit   .   (helmet restricted)
rElec    .         Reflect  .   (no cloak)
rCorr    +         Harm     .   (no gloves)
MR       .....                  (no boots)
Stlth    +++.......             (no amulet)
Regen    0.2/turn               o - +3 ring of strength
MPRegen  0.2/turn               s - ring of stealth

@: lethally poisoned (0 -> -5), about to teleport, slowed, very slow
A: spit acid, acid resistance, unfitting armour, cold-blooded, AC +6
a: Breathe Acid, Renounce Religion


You were on level 8 of the Dungeon.
You worshipped Sif Muna.
Sif Muna was noncommittal.
You were not hungry.

You visited 2 branches of the dungeon, and saw 7 of its levels.

You collected 266 gold pieces.
You spent 216 gold pieces at shops.

Inventory:

Hand Weapons
 b - a +0 flail of holy wrath (weapon)
 e - a +0 spear
 m - a -1 long sword
Missiles
 f - 43 arrows
 t - 35 poisoned needles
Armour
 l - a +1 helmet
Jewellery
 o - a +3 ring of strength (left hand)
 s - a ring of stealth (right hand)
 w - an uncursed ring of teleportation
Wands
 d - a wand of disintegration (11/24)
 x - a wand of digging (7/24)
 D - a wand of random effects (15/48)
Scrolls
 c - 2 scrolls of remove curse
 i - a scroll of immolation
 k - a scroll of enchant weapon
 p - a scroll of teleportation
 B - a scroll of vulnerability {unknown}
 C - a scroll of recharging {unknown}
Potions
 g - 2 potions of degeneration
 h - a potion of resistance
 j - 2 potions of ambrosia
 q - a potion of brilliance {unknown}
 r - 3 potions of curing {unknown}
 v - a potion of lignification {unknown}
 A - a potion of invisibility {unknown}
Books
 a - a book of Frost

   Spells                             Type                      Level
   a - Freeze                         Ice                          1
   b - Throw Frost                    Conjuration/Ice              2
   c - Ozocubu's Armour               Charms/Ice                   3
   d - Throw Icicle                   Conjuration/Ice              4
   e - Summon Ice Beast               Ice/Summoning                4
Comestibles
 n - a royal jelly
 u - 3 meat rations
 z - a bread ration
 E - a chunk of flesh


   Skills:
 + Level 1.2 Fighting
 + Level 2.9 Dodging
 + Level 2.1 Stealth
 * Level 4.6 Spellcasting
 + Level 1.3 Conjurations
 * Level 6.0 Ice Magic


You had 9 spell levels left.
You knew the following spells:

 Your Spells              Type           Power        Failure   Level  Hunger
a - Freeze                Ice            ###.         1%          1    None
b - Ozocubu's Armour      Chrm/Ice       ##......     14%         3    ###....
c - Throw Frost           Conj/Ice       ###...       5%          2    ##.....


Dungeon Overview and Level Annotations

Branches:
Dungeon (8/15)             Temple (1/1) D:7
   Lair: D:8-11

Altars:
Ashenzari
Cheibriados
Dithmenos
Elyvilon
Fedhas
Gozag
Hepliaklqana
Kikubaaqudgha
Makhleb
Nemelex Xobeh
Okawaru
Qazlal
Ru
Sif Muna
Trog
Uskayaw
Vehumet
Xom
Yredelemnul
Zin
The Shining One

Shops:
D:7 *

Annotations:
D:6 Frank's ghost, novice OpFi
D:8 Erica; Psyche


Innate Abilities, Weirdness & Mutations

You can spit globs of acid.
You are resistant to acid.
Your golden yellow scales are hard. (AC +6)
You cannot fit into any form of body armour.
You are cold-blooded and may be slowed by cold attacks.


Message History

A bolt of poison appears from out of thin air!
The bolt of poison hits you!
You are poisoned.
Ouch! That really hurt!
You're too confused!
You're too confused!
You're too confused!
You feel sick.
You feel sick. Something hits you but does no damage.
You feel less confused.
You feel sick.
As you read the scroll of teleportation, it crumbles to dust.
You feel strangely unstable.
You feel sick. Something hits you.
* * * LOW HITPOINT WARNING * * *
Something burns you.
* * * LOW HITPOINT WARNING * * *
You feel sick. Something hits you!
* * * LOW HITPOINT WARNING * * *
Something burns you.
You die...

###############
.################.............#
#......(.....o.@..###########.#
.################## #.# #.# #.#
#.# #)# #.# #### ########.#
..... .......#.#


You could see an orc.

Vanquished Creatures
  An ogre (D:7)
  A bullfrog (D:7)
  A crimson imp (D:8)
  A bullfrog zombie (D:7)
  2 hounds (D:3)
  3 jellies
  An iguana (D:6)
  A killer bee zombie (D:7)
  4 gnolls
  7 adders
  2 shadow imps (D:7)
  2 oozes
  An adder skeleton (D:7)
  An adder zombie (D:7)
  3 worms
  A dart slug (D:1)
  3 leopard geckos
  An orc (D:6)
  A ball python (D:1)
  2 giant cockroaches
  7 goblins
  12 hobgoblins
  2 jackals (D:3)
  8 kobolds
  7 bats
  4 frilled lizards
  8 rats
87 creatures vanquished.

Notes
Turn   | Place    | Note
-------+----------+-------------------------------------------
     0 | D:1      | JustChris the Draconian Ice Elementalist began the quest for the Orb.
     0 | D:1      | Reached XP level 1. HP: 14/14 MP: 3/3
   272 | D:1      | Reached XP level 2. HP: 20/20 MP: 1/5
  1602 | D:2      | Reached XP level 3. HP: 25/26 MP: 3/6
  2421 | D:2      | Reached skill level 4 in Ice Magic
  2421 | D:2      | Reached XP level 4. HP: 33/33 MP: 1/8
  2581 | D:3      | Found a snail-covered altar of Cheibriados.
  3172 | D:3      | Reached XP level 5. HP: 32/38 MP: 4/9
  3273 | D:3      | You fall through a shaft for 3 floors!
  3347 | D:6      | Noticed a phantom
  3347 | D:6      | Reached skill level 5 in Ice Magic
  3520 | D:6      | Noticed Frank's ghost (novice OpFi)
  3727 | D:6      | Learned a level 3 spell: Ozocubu's Armour
  3730 | D:6      | Learned a level 2 spell: Throw Frost
  4028 | D:7      | Noticed a sky beast
  4128 | D:7      | Reached XP level 6. HP: 36/46 MP: 1/11
  4313 | D:7      | Found a staircase to the Ecumenical Temple.
  4319 | Temple   | Entered the Ecumenical Temple
  4402 | Temple   | Became a worshipper of Sif Muna the Loreminder
  5832 | D:7      | Found Fesmys's Assorted Antiques.
  6106 | D:7      | Bought an onyx ring for 120 gold pieces
  6106 | D:7      | Bought a shiny fluorescent wand for 96 gold pieces
  6342 | D:7      | Reached skill level 1 in Fighting
  6342 | D:7      | Your scales start taking on a golden yellow colour.
  6342 | D:7      | Reached XP level 7. HP: 52/52 MP: 2/13
  6613 | D:8      | Found a shadowy altar of Dithmenos.
  6613 | D:8      | Found a stormy altar of Qazlal.
  6730 | D:8      | Reached skill level 6 in Ice Magic
  6738 | D:8      | Noticed Psyche
  6942 | D:8      | Noticed Erica
  6958 | D:8      | HP: 1/52 [something (10)]
  6958 | D:8      | Slain by Erica

Skill      XL: |  1  2  3  4  5  6  7 |
---------------+----------------------+-----
Dodging        | 2 |  2.9
Stealth        | 2 |  2.1
Ice Magic      | 4 5 6 |  6.0
Spellcasting   | 3 4 |  4.6
Fighting       | 1 |  1.2
Conjurations   | |  1.3

Action                   |  1- 3 |  4- 6 |  7- 9 || total
-------------------------+-------+-------+-------++-------
Melee: Unarmed           |     9 |       |       ||     9
       Tailslap          |     1 |     5 |     1 ||     7
       Spear             |    21 |    53 |       ||    74
       Short sword       |    11 |       |       ||    11
       Flail             |       |    12 |     8 ||    20
 Cast: Freeze            |    66 |    79 |       ||   145
       Throw Frost       |       |    58 |    11 ||    69
       Ozocubu's Armour  |       |     5 |       ||     5
Evoke: Wand              |       |     1 |     1 ||     2
  Use: Scroll            |     3 |    11 |     2 ||    16
  Eat: Chunk             |     5 |     1 |     1 ||     7
       Bread ration      |       |     3 |       ||     3
       Royal jelly       |       |       |     1 ||     1
Armor: Skin              |    37 |    70 |     7 ||   114
Dodge: Dodged            |    65 |   152 |     2 ||   219
